 Dungeon Crawl Stone Soup version 0.24.0-123-gd5b16e6ec5 (webtiles) character file.

Game seed: 13930030067415750530, levelgen mode: deterministic

1754 Elellon the Cleaver (level 9, -4/78 HPs)
             Began as a Hill Orc Fighter on Jan 10, 2020.
             Was a Follower of Okawaru.
             Slain by an ogre
             ... wielding a +0 giant club
              (20 damage)
             ... on level 6 of the Dungeon.
             The game lasted 00:07:50 (6043 turns).

Elellon the Cleaver (Hill Orc Fighter)              Turns: 6043, Time: 00:07:51

Health: -4/78      AC: 13    Str: 22    XL:     9   Next: 6%
Magic:  7/9        EV:  9    Int:  8    God:    Okawaru [*.....]
Gold:   242        SH: 12    Dex: 10    Spells: 8/8 levels left

rFire    . . .     SeeInvis .   a - +0 war axe
rCold    . . .     Gourm    .   c - +0 shield
rNeg     . . .     Faith    .   t - +0 chain mail
rPois    .         Spirit   .   m - +0 helmet
rElec    .         Reflect  .   (no cloak)
rCorr    .         Harm     .   (no gloves)
MR       .....                  (no boots)
Stlth    ..........             (no amulet)
HPRegen  0.23/turn              (no ring)
MPRegen  0.11/turn              (no ring)

@: heroism
A: no striking features
a: Heroism, Renounce Religion


You were on level 6 of the Dungeon.
You worshipped Okawaru.
Okawaru was aware of your devotion.
You were not hungry.

You visited 2 branches of the dungeon, and saw 8 of its levels.

You collected 281 gold pieces.
You spent 39 gold pieces at shops.

Inventory:

Hand Weapons
 a - a +0 war axe (weapon)
 u - a +3 flail of holy wrath
Armour
 c - a +0 shield (worn)
 m - a +0 helmet (worn)
 t - a +0 chain mail (worn)
Jewellery
 i - an uncursed amulet of rage {unknown}
Wands
 y - a wand of polymorph (11)
Scrolls
 e - 10 scrolls of identify {unknown}
 g - 2 scrolls of amnesia {unknown}
 j - 2 scrolls of magic mapping {unknown}
 k - 2 scrolls of fear {unknown}
 o - 5 scrolls of remove curse {unknown}
 s - 4 scrolls of teleportation {unknown}
 x - a scroll of enchant armour {unknown}
 A - a scroll of blinking {unknown}
 B - a scroll of immolation {unknown}
Potions
 b - a potion of haste {unknown}
 d - 2 potions of might
 h - 3 potions of lignification {unknown}
 l - a potion of flight {unknown}
 n - 2 potions of brilliance {unknown}
 p - a potion of invisibility {unknown}
 q - 3 potions of curing
 r - a potion of berserk rage {unknown}
 v - 3 potions of heal wounds {unknown}
 w - a potion of magic {unknown}
 C - a potion of mutation {unknown}
Comestibles
 f - 3 rations


   Skills:
 + Level 6.7(11.7) Fighting
 * Level 10.5(15.5) Axes
 + Level 6.1(11.1) Armour
 + Level 6.1(11.1) Shields


You had 8 spell levels left.
You didn't know any spells.
Your spell library contained the following spells:

 Spells                   Type           Power        Failure   Level  Hunger
 Animate Skeleton         Necr           N/A          99%         1    ##.....
 Apportation              Tloc           #.....       99%         1    ##.....
 Confusing Touch          Hex            #.....       99%         1    ##.....
 Summon Small Mammal      Summ           #...         99%         1    ##.....
 Confuse                  Hex            #.......     100%        3    ####...
 Gell's Gravitas          Tloc           #.........   100%        3    ####...
 Petrify                  Tmut/Erth      #.......     100%        4    #####..
 Metabolic Englaciation   Hex/Ice        #.........   100%        5    ######.
 Yara's Violent Unravell  Hex/Tmut       #.........   100%        5    ######.


Dungeon Overview and Level Annotations

Branches:
Dungeon (7/15)             Temple (1/1) D:4

Altars:
Ashenzari
Cheibriados
Dithmenos
Fedhas
Gozag
Hepliaklqana
Kikubaaqudgha
Okawaru
Qazlal
Ru
Sif Muna
Trog
Uskayaw
Vehumet
Wu Jian
Yredelemnul
Zin
The Shining One

Shops:
D:4 *   D:6 !


Message History

You block the meliai's attack. The meliai stings you.
* * * LOW HITPOINT WARNING * * *
You are lethally poisoned!
The meliai poisons you!
The centaur unwields a +0 shortbow.
The centaur barely misses you.
* * * LOW HITPOINT WARNING * * *
You feel sick. The meliai hits you with a +0 hand axe.
* * * LOW HITPOINT WARNING * * *
The meliai stings you but does no damage.
You gain the combat prowess of a mighty hero.
* * * LOW HITPOINT WARNING * * *
You feel sick. You block the meliai's attack. The meliai closely misses you.
The centaur barely misses you. The meliai hits you but does no damage.
The meliai stings you but does no damage.
You feel better.
The centaur hits you but does no damage.
You block the meliai's attack.
The meliai stings you but does no damage.
The ogre hits you with a +0 giant club!!
You die...

#.##.......# #
##.##.....[.# #.
##.[.#....8..' #.
##............# #.
#...........!.# ##
#.(..(..###+### ##.
#..†....# .#.
##.(cyO## #..
##..@## ###. #...#
.... ##.## ###. #.#
#. #.# ########.
#.# #........ #.#
#........
#.#########[.####..
#........##..#.....


You could see an ogre, a meliai and a centaur.

Vanquished Creatures
  Grinder (D:5)
  Edmund (D:4)
  Duvessa (D:7)
  An ice beast (D:5)
  2 sky beasts
  2 phantoms
  An ogre (D:6)
  A centaur (D:5)
  Dowan (D:7)
  A scorpion (D:5)
  A water moccasin skeleton (D:3)
  A howler monkey (D:6)
  4 hounds
  An orc priest (D:3)
  A bullfrog skeleton (D:6)
  3 orc wizards
  3 worker ants
  2 hound zombies
  Robin (D:2)
  7 adders
  A shadow imp (D:5)
  An ooze (D:5)
  An adder zombie (D:6)
  An adder skeleton (D:4)
  A worm (D:2)
  A dart slug (D:5)
  4 leopard geckos
  9 orcs
  3 giant cockroaches
  7 goblins (D:2)
  7 hobgoblins
  7 jackals
  2 quokkas
  5 bats
  3 frilled lizards
  A jackal skeleton (D:4)
  3 kobolds
  5 rats
98 creatures vanquished.

Notes
Turn   | Place    | Note
-------+----------+-------------------------------------------
     0 | D:1      | Elellon the Hill Orc Fighter began the quest for the Orb.
     0 | D:1      | Reached XP level 1. HP: 19/19 MP: 1/1
    68 | D:1      | Reached skill level 3 in Axes
    76 | D:1      | Reached XP level 2. HP: 18/26 MP: 2/2
   385 | D:1      | Reached skill level 4 in Axes
   713 | D:2      | Reached XP level 3. HP: 31/31 MP: 3/3
   810 | D:2      | Reached skill level 5 in Axes
   971 | D:2      | Noticed Robin
   990 | D:2      | Killed Robin
   990 | D:2      | Reached XP level 4. HP: 11/39 MP: 4/4
  1463 | D:2      | Reached skill level 6 in Axes
  1732 | D:3      | Reached XP level 5. HP: 29/46 MP: 5/5
  2767 | D:4      | Reached XP level 6. HP: 52/52 MP: 6/6
  2790 | D:4      | Reached skill level 7 in Axes
  2909 | D:4      | Found Ejojiagh's Assorted Antiques.
  2966 | D:4      | You fall into a shaft and drop 3 floors!
  2968 | D:7      | Noticed Duvessa
  2968 | D:7      | Noticed Dowan
  2991 | D:7      | Killed Duvessa
  3012 | D:7      | Killed Dowan
  3012 | D:7      | Reached XP level 7. HP: 54/60 MP: 7/7
  3069 | D:7      | Reached skill level 5 in Fighting
  3069 | D:7      | Reached skill level 8 in Axes
  3121 | D:5      | Entered Level 5 of the Dungeon
  3172 | D:5      | Noticed Grinder
  3434 | D:4      | Found a staircase to the Ecumenical Temple.
  3518 | D:4      | Noticed Edmund
  3534 | D:4      | Killed Edmund
  3871 | Temple   | Entered the Ecumenical Temple
  4094 | Temple   | Became a worshipper of Warmaster Okawaru
  4441 | D:5      | Reached skill level 5 in Armour
  4441 | D:5      | Reached skill level 5 in Shields
  4441 | D:5      | Reached XP level 8. HP: 24/69 MP: 8/8
  4685 | D:5      | Reached skill level 9 in Axes
  4892 | D:5      | Killed Grinder
  4892 | D:5      | Reached * piety under Okawaru
  5588 | D:6      | Found Tycalust's Distillery.
  5610 | D:6      | Reached skill level 10 in Axes
  5646 | D:6      | Bought a potion of curing for 39 gold pieces
  5843 | D:6      | Reached XP level 9. HP: 55/78 MP: 9/9
  6033 | D:6      | Noticed a meliai
  6043 | D:6      | Slain by an ogre

Levels and vault maps discovered:
D:1:      ncdulo_watergridlock, layout_rooms, wad_floor_pattern_1,
          minmay_misc_feat_tiny
D:2:      layout_loops_cross, minmay_pentomino_r4, uniq_robin
D:3:      layout_basic, serial_glass, glass_columns_c, glass_columns_a
D:4:      layout_loops_ring, lemuel_temple_firewalk_a, first_ration,
          serial_shops, nicolae_shop_temple_entry_statues_fountains, uniq_edmund
D:5:      layout_cave_pods, uniq_grinder
D:6:      layout_loops_cross, serial_shops, nicolae_shop_window_shopping,
          grunt_ministairs_5, minmay_three_doors
D:7:      layout_rooms, grunt_ogre_cave, minivault_22, chequers_jeans,
          uniq_duvessa
Temple:   dpeg_five_rooms_temple

Skill      XL: |  1  2  3  4  5  6  7  8 |
---------------+-------------------------+-----
Axes           | 3 4 5 6 7 8 10 | 10.5
Fighting       | 4 5 6 |  6.7
Armour         | 4 5 6 |  6.1
Shields        | 4 5 6 |  6.1

Action                   |  1- 3 |  4- 6 |  7- 9 || total
-------------------------+-------+-------+-------++-------
Melee: War axe           |   114 |   134 |   216 ||   464
Invok: Heroism           |       |       |     1 ||     1
  Use: Potion            |       |       |     1 ||     1
  Eat: Chunk             |       |     7 |     3 ||    10
       Ration            |       |       |     2 ||     2
Armor: Scale mail        |    80 |    32 |       ||   112
       Chain mail        |       |    15 |   104 ||   119
Dodge: Dodged            |    31 |    29 |    42 ||   102
Block: Shield            |    82 |    48 |   112 ||   242
